 Dungeon Sprint DCSS version 0.30.0-29-ga12c61a403 (webtiles) character file.

Game seed: 14073040202169576891

16274 Revguard the Messiah (level 12, -8/177 HPs)
             Began as a Hill Orc Fighter on June 18, 2023.
             Was the Champion of Beogh.
             Killed from afar by a nagaraja (12 damage)
             ... with a splash of poison
             ... in the Dungeon (Sprint V: "Ziggurat Sprint").
             The game lasted 00:14:07 (1336 turns).

Revguard the Messiah (Hill Orc Fighter)             Turns: 1336, Time: 00:14:08

Health: -8/177     AC: 31    Str: 22    XL:     12   Next: 35%
Magic:  23/23      EV:  2    Int: 10    God:    Beogh [******]
Gold:   0          SH: 30    Dex: 12    Spells: 11/11 levels left

rFire   . . .        p - +5 broad axe (chaos)
rCold   . . .        J - +18 shield of the Gong {Loud rN+ Will+ rCorr EV-5}
rNeg    + + +        I - +15 Maxwell's patent armour {-Cast -Tele rElec Will+ rCorr}
rPois   .            (no helmet)
rElec   +            C - scarf {repulsion}
rCorr   +            (no gloves)
SInv    .            (no boots)
Will    ++...        S - amulet of Amelioration {rN++ Regen+} Stlth
                     (no ring)
HPRegen 1.29/turn    b - ring of Xuojynea {Drain rCorr Int+2 Slay+2}
MPRegen 0.18/turn

%: no teleportation, no spellcasting, repel missiles
@: berserking, lethally poisoned (-8 -> -38), constricted, studying Armour, very
quick
A: walk on water
a: Renounce Religion, Smiting, Recall Orcish Followers, Give Item to Named
Follower, Resurrection


You were in the Dungeon.
You worshipped Beogh.
Beogh was exalted by your worship.
You visited 1 branch

Inventory:

Hand Weapons
 a - the +10 dark maul {heavy}
   (You found it in the Dungeon)
 p - a +5 broad axe of chaos (weapon)
 y - a +1 broad axe of electrocution
 G - the +6 Majin-Bo {spellvamp, MP+6 Int+6}
   (You found it in the Dungeon)

   Int:       It affects your intelligence (+6).
   MP:        It affects your magic capacity (+6).
 K - the +11 Singing Sword {sonic wave}
   (You found it in the Dungeon)
 M - the +13 scythe of Curses {drain, curses, Drain}
   (You found it in the Dungeon)

   Drain:     It drains your maximum health when unequipped.
 N - the +9 sword of Power {lifebolt}
   (You found it in the Dungeon)
 O - the +11 plutonium sword {Contam Stlth-}
   (You found it in the Dungeon)

   Contam:    It causes magical contamination when unequipped.
   Stlth:     It makes you less stealthy.
 P - the +8 storm bow {elec, penet}
   (You found it in the Dungeon)
 U - the +10 mace of Departure {venom, Int+3}
   (You found it in the Dungeon)

   Int:       It affects your intelligence (+3).
 V - a +1 morningstar of holy wrath
Armour
 k - a +5 crystal plate armour
 l - +5 storm dragon scales
 q - +5 gold dragon scales
 C - a scarf of repulsion (worn)
 H - the +8 ring mail of Nihilism {rC+ rN+ Regen+}
   (You found it in the Dungeon)

   rC:        It protects you from cold.
   rN:        It protects you from negative energy.
   Regen:     It increases your rate of health regeneration.
 I - the +15 Maxwell's patent armour (worn) {-Cast -Tele rElec Will+ rCorr}
   (You found it in the Dungeon)

   rElec:     It insulates you from electricity.
   -Cast:     It prevents spellcasting.
   -Tele:     It prevents most forms of teleportation.
   rCorr:     It protects you from acid and corrosion.
   Will:      It increases your willpower.
 J - the +18 shield of the Gong (worn) {Loud rN+ Will+ rCorr EV-5}
   (You found it in the Dungeon)

   Loud:      It is deafeningly noisy when blocking attacks.
   EV:        It affects your evasion (-5).
   rN:        It protects you from negative energy.
   rCorr:     It protects you from acid and corrosion.
   Will:      It increases your willpower.
Jewellery
 b - the ring of Xuojynea (right hand) {Drain rCorr Int+2 Slay+2}
   (You found it in the Dungeon)

   [ring of resist corrosion]

   Int:       It affects your intelligence (+2).
   Slay:      It affects your accuracy & damage with ranged weapons and melee
   (+2).
   rCorr:     It protects you from acid and corrosion.
   Drain:     It drains your maximum health when unequipped.
 E - a +6 ring of strength
 Q - a ring of poison resistance
 S - the amulet of Amelioration (around neck) {rN++ Regen+}
   (You found it in the Dungeon)

   [amulet of regeneration]

   rN:        It greatly protects you from negative energy.
   Regen:     It increases your rate of health regeneration.
Wands
 v - a wand of mindburst (7)
 w - a wand of iceblast (27)
 x - a wand of acid (14)
 F - a wand of flame (61)
 L - a wand of charming (2)
Scrolls
 j - 4 scrolls of blinking
 r - 4 scrolls of amnesia
 s - 7 scrolls of fog
 t - 5 scrolls of identify
 u - a scroll of fear
 Y - 4 scrolls of enchant armour
Potions
 d - 6 potions of might
 e - 10 potions of curing
 g - 10 potions of haste
 h - 7 potions of magic
 i - 2 potions of berserk rage
 m - 2 potions of brilliance
 n - 2 potions of invisibility
 o - 4 potions of resistance
Miscellaneous
 R - a lightning rod (4/4)


   Skills:
 + Level 14.7 Fighting
 + Level 15.6 Axes
 + Level 13.7 Armour
 + Level 10.1 Dodging
 + Level 13.4 Shields
 + Level 15.7 Invocations
 + Level 12.1 Evocations


You had 11 spell levels left.
You didn't know any spells.
Your spell library contained the following spells:

 Spells                   Type           Power      Damage    Failure   Level
 Magic Dart               Conj           0%         1d3       99%         1
 Summon Small Mammal      Summ           0%         N/A       99%         1
 Searing Ray              Conj           0%         2d4       100%        2
 Call Canine Familiar     Summ           0%         N/A       100%        3
 Portal Projectile        Hex/Tloc       0%         N/A       100%        3
 Summon Guardian Golem    Hex/Summ       0%         N/A       100%        3
 Fulminant Prism          Conj/Hex       0%         3d5       100%        4
 Leda's Liquefaction      Hex/Erth       0%         N/A       100%        4
 Summon Lightning Spire   Summ/Air       0%         N/A       100%        4
 Malign Gateway           Summ/Tloc      0%         N/A       100%        7
 Storm Form               Tmut/Air       0%         N/A       100%        7
 Maxwell's Capacitive Co  Air            0%         ∞         100%        8
 Summon Horrible Things   Summ           0%         N/A       100%        8
 Chain Lightning          Conj/Air       0%         N/A       100%        9
 Fire Storm               Conj/Fire      0%         5d1       100%        9
 Shatter                  Erth           0%         3d5*      100%        9


Dungeon Overview and Level Annotations

Branches:
Dungeon (1/1)

Altars:
Ashenzari
Cheibriados
Dithmenos
Elyvilon
Fedhas
Gozag
Hepliaklqana
Kikubaaqudgha
Makhleb
Nemelex Xobeh
Okawaru
Qazlal
Ru
Sif Muna
Trog
Uskayaw
Vehumet
Wu Jian
Xom
Yredelemnul
Zin
The Shining One
Beogh
Jiyva
Lugonu


Message History

The nagaraja resists.
You block the naga mage's attack.
GONNNNG!
Unknown command.
You feel much better.
* * * LOW HITPOINT WARNING * * *
You feel extremely sick.
Oreg no longer looks unusually strong.
The nagaraja's magic is no longer disrupted.
Your sixfirhy hits the nagaraja.
Your sixfirhy shocks the nagaraja.
The nagaraja resists.
Your sixfirhy completely misses the nagaraja.
You block the naga warrior's attack.
GONNNNG!
The naga warrior constricts you.
Your sixfirhy hits the nagaraja but does no damage.
The nagaraja points at you and mumbles some strange words.
You easily resist.
Your neqoxec barely misses the nagaraja.
The nagaraja casts a spell at you. You block the poison arrow.
PANG!
Warbeogh roars a battlecry!
Oreg goes into a battle-frenzy!
You block the nagaraja's attack.
GONNNNG!
The naga mage completely misses you.
Your sixfirhy closely misses the nagaraja.
A red film seems to cover your vision as you go berserk!
You feel yourself moving faster!
You feel mighty!
* * * LOW HITPOINT WARNING * * *
You feel extremely sick.
Your sixfirhy barely misses the nagaraja.
Your sixfirhy hits the nagaraja.
Your sixfirhy shocks the nagaraja.
The nagaraja resists.
You block the naga warrior's attack.
BONNNG!
The naga warrior constricts you. The nagaraja spits poison at you.
The splash of poison hits you!
You are more poisoned.
You die...

▓▓▓▓▓▓▓▓▓▓▓
▓...==:)/...▓...8©8...▓
▓...........▓.....))..▓
▓...........▓....)....▓
▓...........▓.........▓
▓...........▓.....=...▓
▓....3S.S...▓...).)...▓
▓...3NNN.o..▓...).)...▓
▓....o@..NN.▓.▓.))))▓.▓
▓....N©)....▓....©....▓
▓▓▓▓▓▓▓▓▓▓▓▓▓▓▓▓▓▓▓▓▓▓▓
▓...8©8...▓...8©8...▓..
▓..)...)).▓..))|)...▓..
▓....[|...▓..[.|.)..▓..
▓......=..▓.........▓..
▓...)))...▓...).....▓..
▓...).....▓...).)...▓..


You could see 2 nagarajas, 2 naga warriors, an anaconda (poisoned), a guardian
serpent, 2 naga magi, the friendly Warbeogh the orc knight, the friendly Oreg
the orc high priest (strong), a friendly sixfirhy (summoned) and a friendly
neqoxec (summoned).

Vanquished Creatures
  3 deep elf master archers (D)
  2 vault wardens (D)
  3 vault guards (D)
  A deep elf archer (D)
  2 necromancers (D)
  An ironbound convoker (D)
  A black mamba (D)
  2 guardian serpents (D)
  A naga mage (D)
  2 spriggans (D)
  A redback (D)
  A naga (D)
  2 water moccasins (D)
  A water moccasin (shapeshifter) (D)
  2 black bears (D)
  4 wolves (D)
  A phantom (D)
  A bullfrog (shapeshifter) (D)
  3 necrophages (D)
  5 scorpions (D)
  An adder (D)
  A shadow imp (D)
  An adder skeleton (D)
  An adder zombie (D)
  A ball python (D)
  2 bat skeletons (D)
  A ball python skeleton (D)
  2 ball python zombies (D)
  A quokka skeleton (D)
50 creatures vanquished.

Vanquished Creatures (collateral kills)
  A ghoul (D)
  A deep elf annihilator (D)
  2 dancing weapons (D)
  An anaconda (D)
  2 skeletal warriors (D)
  A deep elf archer (D)
  A deep elf pyromancer (D)
  A guardian serpent (D)
  A vault sentinel (D)
  A yaktaur (D)
  A tarantella (D)
  2 necrophages (D)
  2 scorpions (D)
  An orc priest (D)
  An orc wizard (D)
  An adder zombie (D)
  2 bat skeletons (D)
  2 ball python skeletons (D)
  A giant cockroach zombie (D)
  A jackal zombie (D)
26 creatures vanquished.

Vanquished Creatures (others)
  A deep elf pyromancer (D)
  An orc priest (D)
2 creatures vanquished.

Grand Total: 78 creatures vanquished

Notes
Turn   | Place    | Note
-------+----------+-------------------------------------------
     0 | D        | Revguard the Hill Orc Fighter began the quest for the Orb.
     0 | D        | Reached XP level 1. HP: 19/19 MP: 1/1
     2 | D        | Found a blossoming altar of Fedhas.
     2 | D        | Found the +6 Majin-Bo {spellvamp, MP+6 Int+6}
     2 | D        | Found the +27 heavy crossbow "Sniper" {heavy, Acc+∞ SInv}
     2 | D        | Found the +10 dark maul {heavy}
     2 | D        | Found the +15 Maxwell's patent armour {-Cast -Tele rElec
                  | Will+ rCorr}
     2 | D        | Found the +18 shield of the Gong {Loud rN+ Will+ rCorr
                  | EV-5}
     2 | D        | Found the +16 obsidian axe {drain, demonic, Mesm Drain Fly
                  | SInv}
     2 | D        | Found the +7 great mace "Firestarter" {flame, immolate,
                  | rFlCloud rF++}
     2 | D        | Found the +6 shillelagh "Devastator" {shatter}
     2 | D        | Found the +11 plutonium sword {Contam Stlth-}
     2 | D        | Found the +8 lance "Wyrmbane" {slay drac, rPois rF+ rC+
                  | AC+3}
     2 | D        | Found the +9 sword of Zonguldrok {reap}
     2 | D        | Found the +13 scythe of Curses {drain, curses, Drain}
     2 | D        | Found the +9 sword of Power {lifebolt}
     2 | D        | Found the +7 mace of Variability {chaos, chaos arc}
     2 | D        | Found the +11 Singing Sword {sonic wave}
     2 | D        | Found the +8 storm bow {elec, penet}
    10 | D        | Found a shimmering blue altar of Sif Muna.
    10 | D        | Found a sacrificial altar of Ru.
    10 | D        | Found a bloodstained altar of Trog.
    10 | D        | Found a stormy altar of Qazlal.
    10 | D        | Found an iron altar of Okawaru.
    10 | D        | Found a sparkling altar of Nemelex Xobeh.
    21 | D        | Found a transporter.
    21 | D        | Found an ancient bone altar of Kikubaaqudgha.
    21 | D        | Found a viscous altar of Jiyva.
    21 | D        | Found a corrupted altar of Lugonu.
    21 | D        | Found a hazy altar of Hepliaklqana.
    21 | D        | Found a burning altar of Makhleb.
    21 | D        | Found an opulent altar of Gozag.
    81 | D        | Became a worshipper of Beogh the Brigand
    84 | D        | Reached skill level 1 in Dodging
    84 | D        | Reached XP level 2. HP: 28/28 MP: 1/5
   140 | D        | Entered arena 2.
   140 | D        | Noticed a boggart
   140 | D        | Noticed a bullfrog
   140 | D        | Found a transporter.
   141 | D        | a boggart changed into a water moccasin
   141 | D        | Noticed a water moccasin (shapeshifter)
   142 | D        | Killed a bullfrog
   143 | D        | Reached skill level 5 in Fighting
   143 | D        | Reached skill level 5 in Axes
   143 | D        | Reached skill level 5 in Armour
   143 | D        | Reached skill level 5 in Invocations
   143 | D        | Reached XP level 3. HP: 36/36 MP: 7/7
   143 | D        | Reached XP level 4. HP: 42/42 MP: 8/8
   147 | D        | Killed a water moccasin
   148 | D        | Reached skill level 5 in Shields
   148 | D        | Reached XP level 5. HP: 51/51 MP: 9/9
   158 | D        | Entered arena 3.
   158 | D        | Found a transporter.
   161 | D        | Reached * piety under Beogh
   173 | D        | Entered arena 4.
   173 | D        | Noticed a spriggan
   173 | D        | Noticed a black bear
   173 | D        | Noticed a black bear
   173 | D        | Noticed a wolf
   173 | D        | Found a transporter.
   178 | D        | Killed a spriggan
   178 | D        | Reached ** piety under Beogh
   178 | D        | Killed a wolf
   179 | D        | Reached skill level 5 in Evocations
   179 | D        | Reached XP level 6. HP: 53/60 MP: 9/11
   179 | D        | Killed a black bear
   180 | D        | Reached XP level 7. HP: 60/67 MP: 9/13
   186 | D        | Got the +10 mace of Departure {venom, Int+3}
   203 | D        | Entered arena 5.
   203 | D        | Found the macabre finger necklace {Finger+ rN+}
   203 | D        | Noticed a spriggan
   203 | D        | Found a transporter.
   208 | D        | Reached *** piety under Beogh
   212 | D        | Reached skill level 5 in Dodging
   213 | D        | Reached XP level 8. HP: 75/75 MP: 14/14
   213 | D        | Killed a spriggan
   230 | D        | Entered arena 6.
   230 | D        | Reached **** piety under Beogh
   230 | D        | Found a transporter.
   354 | D        | Entered arena 7.
   354 | D        | Noticed a black mamba
   355 | D        | Found a transporter.
   365 | D        | Killed a black mamba
   365 | D        | Reached ***** piety under Beogh
   366 | D        | Reached skill level 10 in Invocations
   369 | D        | Reached skill level 10 in Axes
   396 | D        | Got the ring of Xuojynea {Drain rCorr Int+2 Slay+2}
   469 | D        | Entered arena 8.
   470 | D        | Found a transporter.
   480 | D        | Reached XP level 9. HP: 85/85 MP: 16/16
   490 | D        | Got Coos's Highest Levels of Mysticism
   702 | D        | Entered arena 9.
   703 | D        | Found a transporter.
   705 | D        | Reached ****** piety under Beogh
   707 | D        | Gained Oreg as an ally
   730 | D        | Entered arena 10.
   730 | D        | Noticed a vault warden
   730 | D        | Noticed a vault sentinel
   730 | D        | Noticed a vault guard
   730 | D        | Noticed a yaktaur
   730 | D        | Noticed a vault guard
   730 | D        | Noticed a vault warden
   730 | D        | Noticed an ironbound convoker
   730 | D        | Noticed a vault guard
   731 | D        | Found a transporter.
   739 | D        | Killed a vault guard
   739 | D        | Killed an ironbound convoker
   740 | D        | Reached skill level 10 in Fighting
   741 | D        | Killed a vault warden
   742 | D        | Reached skill level 10 in Armour
   742 | D        | Reached skill level 10 in Shields
   742 | D        | Reached XP level 10. HP: 51/95 MP: 16/18
   743 | D        | Killed a vault guard
   744 | D        | Killed a vault sentinel
   745 | D        | Killed a vault guard
   751 | D        | Killed a vault warden
   767 | D        | Got the +8 ring mail of Nihilism {rC+ rN+ Regen+}
   770 | D        | Got the ring of the Leaf {rN+ Int+5 Dex-4 SInv Stlth+}
   867 | D        | Entered arena 11.
   869 | D        | Found a transporter.
   871 | D        | Gained Warbeogh as an ally
   880 | D        | Reached skill level 10 in Evocations
   880 | D        | Reached XP level 11. HP: 90/105 MP: 20/20
  1043 | D        | Entered arena 12.
  1043 | D        | Noticed a deep elf master archer
  1043 | D        | Noticed a deep elf annihilator
  1043 | D        | Noticed a deep elf master archer
  1043 | D        | Noticed a +2 short sword of speed
  1043 | D        | Noticed a deep elf archer
  1043 | D        | Noticed a deep elf pyromancer
  1043 | D        | Noticed a deep elf pyromancer
  1043 | D        | Noticed a deep elf master archer
  1043 | D        | Noticed a +2 hand axe of flaming
  1044 | D        | Identified the staff of air "Loto" {rElec Dex+5 Stlth-}
  1044 | D        | Noticed a deep elf archer
  1045 | D        | Found a transporter.
  1046 | D        | Killed a +2 short sword of speed
  1048 | D        | Killed a +2 hand axe of flaming
  1049 | D        | Killed a deep elf archer
  1052 | D        | Killed a deep elf master archer
  1052 | D        | Killed a deep elf annihilator
  1055 | D        | Killed a deep elf master archer
  1055 | D        | Killed a deep elf pyromancer
  1057 | D        | Killed a deep elf master archer
  1059 | D        | Killed a deep elf pyromancer
  1059 | D        | Killed a deep elf archer
  1060 | D        | Reached skill level 15 in Invocations
  1253 | D        | Entered arena 13.
  1253 | D        | Noticed a skeletal warrior
  1253 | D        | Noticed a necromancer
  1253 | D        | Noticed a ghoul
  1253 | D        | Noticed a necromancer
  1254 | D        | Noticed a skeletal warrior
  1255 | D        | Found a transporter.
  1258 | D        | Killed a necromancer
  1259 | D        | Reached skill level 15 in Axes
  1259 | D        | Reached XP level 12. HP: 116/117 MP: 23/23
  1259 | D        | Killed a ghoul
  1277 | D        | Got the amulet of Amelioration {rN++ Regen+}
  1319 | D        | Entered arena 14.
  1320 | D        | Noticed an anaconda
  1320 | D        | Noticed an anaconda
  1320 | D        | Noticed a naga warrior
  1321 | D        | Identified the +7 whip "Hill Orc's Bane" {flame, rPois rF+
                  | Will+ MP-9}
  1321 | D        | Noticed a naga warrior
  1321 | D        | Noticed a nagaraja
  1323 | D        | Reached skill level 10 in Dodging
  1328 | D        | Killed an anaconda
  1328 | D        | HP: 2/118 [naga warrior/+0 heavy halberd (39)]
  1334 | D        | HP: 1/118 [nagaraja/poison arrow (18)]
  1336 | D        | Killed from afar by a nagaraja

Illustrated notes

Levels and vault maps discovered:
D:        sprint_v [room_start, room_1, room_2, room_3, room_4, room_5, room_6,
          room_7, room_8, room_9, room_10, room_11, room_12, room_13, room_14,
          room_15, room_16, room_17, room_18, room_19, room_20, room_21,
          room_22, room_23, room_24, room_25, room_26, room_27]

Skill      XL: |  1  2  3  4  5  6  7  8  9 10 11 12 |
---------------+-------------------------------------+-----
Fighting       | 4 5 6 7 8 9 11 12 14 | 14.7
Axes           | 4 5 6 7 8 10 11 13 15 | 15.6
Armour         | 4 5 6 7 8 10 11 12 13 | 13.7
Dodging        | 1 2 3 4 5 6 7 8 9 10 | 10.1
Shields        | 4 5 6 7 8 10 11 12 13 | 13.4
Invocations    | 4 5 6 7 8 9 10 11 13 15 | 15.7
Evocations     | 2 3 4 5 6 7 8 10 11 12 | 12.1

Action                     |  1- 3 |  4- 6 |  7- 9 | 10-12 || total
---------------------------+-------+-------+-------+-------++-------
  Melee: Broad axe         |     2 |    14 |    40 |    38 ||    94
 Invoke: Give Item to Name |       |       |     1 |     1 ||     2
         Recall Orcish Fol |       |       |     1 |       ||     1
  Evoke: Wand              |       |       |     1 |     6 ||     7
    Use: Potion            |     1 |       |     1 |    10 ||    12
         Scroll            |       |       |     1 |     1 ||     2
   Stab: Distracted        |       |       |     3 |       ||     3
         Confused          |       |       |       |     1 ||     1
 Armour: Plate armour      |     2 |    18 |    28 |    33 ||    81
  Dodge: Dodged            |       |     2 |     6 |     8 ||    16
         Repelled          |       |       |       |     1 ||     1
  Block: Kite shield       |     1 |    36 |    86 |   123 ||   246
